 Dungeon Crawl Stone Soup version 0.29-a0-559-g359e09b9d1 (webtiles) character file.

Game seed: 11066329660598624168

100 Locuples the Sneak (level 4, 0/38 HPs)
             Began as a Gnoll Brigand on June 10, 2022.
             Killed by divine providence
             ... invoked by an orc priest
              (13 damage)
             ... on level 4 of the Dungeon.
             The game lasted 00:06:21 (2785 turns).

Locuples the Sneak (Gnoll Brigand)                  Turns: 2785, Time: 00:06:22

Health: 0/38       AC:  8    Str: 10    XL:     4   Next: 73%
Magic:  5/5        EV: 13    Int: 10    God:
Gold:   232        SH:  0    Dex: 16    Spells: 5/5 levels left

rFire   . . .      SeeInvis .   a - +2 dagger
rCold   . . .      Faith    .   (no shield)
rNeg    . . .      Spirit   .   b - +0 robe
rPois   +          Reflect  .   (no helmet)
rElec   .          Harm     .   c - +0 cloak
rCorr   .          Rampage  .   (no gloves)
Will    .....                   f - +0 pair of boots
Stlth   ++++......              (no amulet)
HPRegen 0.12/turn               o - ring of poison resistance
MPRegen 0.09/turn               p - +4 ring of protection

@: no status effects
A: fangs 1, strong nose, distributed training
a: no special abilities


You were on level 4 of the Dungeon.
You visited 1 branch of the dungeon, and saw 4 of its levels.

You collected 232 gold pieces.

Inventory:

Hand Weapons
 a - a +2 dagger (weapon)
Missiles
 d - 9 poisoned darts (quivered)
 e - 3 curare-tipped darts
Armour
 b - a +0 robe (worn)
 c - a +0 cloak (worn)
 f - a +0 pair of boots (worn)
 y - the +9 scale mail "Selitz" {Int+3}
   (You found it on level 3 of the Dungeon)

   Int:       It affects your intelligence (+3).
Jewellery
 o - a ring of poison resistance (left hand)
 p - a +4 ring of protection (right hand)
 w - a ring of ice
 B - a ring of willpower
Wands
 v - a wand of flame (15)
Scrolls
 k - 3 scrolls of identify {unknown}
 l - 2 scrolls of fear {unknown}
 q - a scroll of enchant weapon {unknown}
 r - a scroll of noise {unknown}
 t - a scroll of silence {unknown}
 u - a scroll of amnesia {unknown}
 x - a scroll of torment {unknown}
 z - a scroll of teleportation {unknown}
Potions
 g - 2 potions of brilliance {unknown}
 h - 2 potions of attraction {unknown}
 i - 5 potions of heal wounds {unknown}
 j - 2 potions of curing {unknown}
 m - 2 potions of might {unknown}
 n - a potion of berserk rage {unknown}
 s - 2 potions of degeneration {unknown}
 A - a potion of invisibility {unknown}


   Skills:
 + Level 4.7 Fighting
 + Level 4.7 Short Blades
 + Level 1.2 Long Blades
 + Level 1.2 Axes
 + Level 1.2 Maces & Flails
 + Level 1.2 Polearms
 + Level 1.2 Staves
 + Level 1.2 Slings
 + Level 1.2 Bows
 + Level 1.2 Crossbows
 + Level 4.7 Throwing
 + Level 1.2 Armour
 + Level 2.8 Dodging
 + Level 7.8 Stealth
 + Level 1.2 Shields
 + Level 1.2 Unarmed Combat
 + Level 1.2 Spellcasting
 + Level 1.0 Conjurations
 + Level 1.0 Hexes
 + Level 1.0 Summonings
 + Level 1.0 Necromancy
 + Level 1.0 Translocations
 + Level 1.0 Transmutations
 + Level 1.0 Fire Magic
 + Level 1.0 Ice Magic
 + Level 1.0 Air Magic
 + Level 1.0 Earth Magic
 + Level 1.0 Poison Magic
 + Level 1.3 Invocations
 + Level 1.2 Evocations


You had 5 spell levels left.
You didn't know any spells.
Your spell library contained the following spells:

 Spells                   Type           Power      Damage    Failure   Level
 Sting                    Tmut/Pois      8%         1d3       22%         1
 Poisonous Vapours        Pois/Air       4%         N/A       32%         2
 Stone Arrow              Conj/Erth      4%         3d7       54%         3
 Summon Guardian Golem    Hex/Summ       2%         N/A       54%         3
 Animate Armour           Summ/Erth      4%         N/A       91%         4
 Olgreb's Toxic Radiance  Pois           2%         N/A       91%         4
 Orb of Destruction       Conj           1%         9d5       100%        7
 Spellforged Servitor     Conj/Summ      1%         N/A       100%        7
 Lehudib's Crystal Spear  Conj/Erth      1%         10d2      100%        8


Dungeon Overview and Level Annotations

Branches:
Dungeon (4/15)
 Temple: D:4-7

Altars:


Innate Abilities, Weirdness & Mutations

You have very sharp teeth.
Your uncanny sense of smell can sniff out nearby items.
Your experience applies equally to all skills.


Message History

The orc is moderately wounded.
The orc priest invokes the aid of Beogh against you.
You barely resist. The orc barely misses you.
You barely miss the orc.
The orc is moderately wounded.
The orc hits you but does no damage. The orc priest misses you.
You closely miss the orc. You bite the orc, but do no damage.
The orc is moderately wounded.
The orc closely misses you.
The orc priest hits you with a +0 falchion of holy wrath.
You hit the orc but do no damage.
The orc is moderately wounded.
You completely miss the orc.
The orc is moderately wounded.
The orc priest completely misses you. The orc hits you but does no damage.
You hit the orc.
The orc is severely wounded.
The orc priest hits you but does no damage.
The orc barely misses you.
You hit the orc.
You kill the orc!
The orc priest misses you.
You hit the endoplasm but do no damage. The endoplasm closely misses you.
The orc priest closely misses you.
You hit the endoplasm.
The endoplasm is heavily wounded.
You hit the endoplasm.
You kill the endoplasm!
The orc priest barely misses you. The orc priest misses you.
Things that are here:
a +0 morningstar; a +0 ring mail The orc priest misses you.
The orc priest attacks as you move away!
The orc priest barely misses you.
The orc priest attacks as you move away!
The orc priest completely misses you.
The orc priest invokes the aid of Beogh against you.
Beogh smites you!
You die...

##........#.##.##
#...........##.#
#...........##.#
##..........###)#
#...........##.)#
#...........##..#
#...........##.o#
#...........#...#
#...........#..@#
###.<.......#...#
# ##...(.......##
# ##)......#...#
####............#
..#.o...........#
................#
......))....>...#
.......)........##


You could see an orc priest.

Vanquished Creatures
  3 adders
  A worm (D:2)
  2 dart slugs
  5 orcs (D:4)
  5 bats
  5 endoplasms
  3 giant cockroaches (D:1)
  6 goblins
  5 hobgoblins
  4 jackals (D:1)
  A quokka (D:2)
  5 ball pythons
  A frilled lizard (D:1)
  5 kobolds
  4 rats
55 creatures vanquished.

Vanquished Creatures (others)
  7 plants (D:1)
7 creatures vanquished.

Grand Total: 62 creatures vanquished

Notes
Turn   | Place    | Note
-------+----------+-------------------------------------------
     0 | D:1      | Locuples the Gnoll Brigand began the quest for the Orb.
     0 | D:1      | Reached XP level 1. HP: 20/20 MP: 1/1
    45 | D:1      | Found a faded altar of an unknown god.
   144 | D:1      | Reached XP level 2. HP: 17/26 MP: 2/2
   481 | D:1      | Reached XP level 3. HP: 31/31 MP: 3/3
  1123 | D:2      | Reached skill level 1 in Invocations
  1359 | D:2      | Reached skill level 1 in Long Blades
  1359 | D:2      | Reached skill level 1 in Axes
  1359 | D:2      | Reached skill level 1 in Maces & Flails
  1359 | D:2      | Reached skill level 1 in Polearms
  1359 | D:2      | Reached skill level 1 in Staves
  1359 | D:2      | Reached skill level 1 in Slings
  1359 | D:2      | Reached skill level 1 in Bows
  1359 | D:2      | Reached skill level 1 in Crossbows
  1359 | D:2      | Reached skill level 1 in Armour
  1359 | D:2      | Reached skill level 1 in Shields
  1359 | D:2      | Reached skill level 1 in Unarmed Combat
  1359 | D:2      | Reached skill level 1 in Spellcasting
  1359 | D:2      | Reached skill level 1 in Evocations
  1650 | D:2      | Reached XP level 4. HP: 38/38 MP: 5/5
  1885 | D:3      | Identified the +9 scale mail "Selitz" {Int+3}
  2646 | D:4      | Reached skill level 1 in Conjurations
  2646 | D:4      | Reached skill level 1 in Hexes
  2646 | D:4      | Reached skill level 1 in Summonings
  2646 | D:4      | Reached skill level 1 in Necromancy
  2646 | D:4      | Reached skill level 1 in Translocations
  2646 | D:4      | Reached skill level 1 in Transmutations
  2646 | D:4      | Reached skill level 1 in Fire Magic
  2646 | D:4      | Reached skill level 1 in Ice Magic
  2646 | D:4      | Reached skill level 1 in Air Magic
  2646 | D:4      | Reached skill level 1 in Earth Magic
  2646 | D:4      | Reached skill level 1 in Poison Magic
  2785 | D:4      | Killed from afar by an orc priest

Illustrated notes

Levels and vault maps discovered:
D:1:      saegor_arrival_miasma, layout_loops_ring, basic_ecumenical_altar,
          serial_bayou_lagoon_a, hex_large, dk_noncrumbling_2
D:2:      layout_basic, dk_noncrumbling_3
D:3:      layout_loops_ring, patterned_corridor
D:4:      layout_cave_pods, lemuel_doored_altar, nzn_wu_jian_contemplation,
          minmay_temple_entry_antechambers, hangedman_feature_mirror,
          uniq_eustachio

Skill      XL: |  1  2  3  4 |
---------------+-------------+-----
Invocations    | 1 |  1.3
Long Blades    | 1 |  1.2
Axes           | 1 |  1.2
Maces & Flails | 1 |  1.2
Polearms       | 1 |  1.2
Staves         | 1 |  1.2
Slings         | 1 |  1.2
Bows           | 1 |  1.2
Crossbows      | 1 |  1.2
Armour         | 1 |  1.2
Shields        | 1 |  1.2
Unarmed Combat | 1 |  1.2
Spellcasting   | 1 |  1.2
Evocations     | 1 |  1.2
Conjurations   | 1 |  1.0
Hexes          | 1 |  1.0
Summonings     | 1 |  1.0
Necromancy     | 1 |  1.0
Translocations | 1 |  1.0
Transmutations | 1 |  1.0
Fire Magic     | 1 |  1.0
Ice Magic      | 1 |  1.0
Air Magic      | 1 |  1.0
Earth Magic    | 1 |  1.0
Poison Magic   | 1 |  1.0
Fighting       | |  4.7
Short Blades   | |  4.7
Throwing       | |  4.7
Dodging        | |  2.8
Stealth        | |  7.8

Action                   |  1- 3 |  4- 6 || total
-------------------------+-------+-------++-------
Melee: Dagger            |    91 |    78 ||   169
       Bite              |     7 |     6 ||    13
       Punch             |     1 |     2 ||     3
 Stab: Sleeping          |    10 |     5 ||    15
       Distracted        |     1 |       ||     1
Armor: Robe              |    21 |    18 ||    39
       Scale mail        |       |    18 ||    18
Dodge: Dodged            |    47 |    60 ||   107

Table legend: (Time is in decaauts)
 A = Elapsed time spent in this place.
 B = Non-inter-level travel time spent in this place.
 C = Inter-level travel time spent in this place.
 D = Time resting spent in this place.
 E = Time spent auto-exploring this place.
 F = Levels seen in this place.
 G = Mean time per level.
                   A        B        C        D        E       F      G
               +--------+--------+--------+--------+--------+-----+--------+
         Total |   2764 |   2764 |      0 |      0 |   2171 |   4 |  691.0 |
       Dungeon |   2764 |   2764 |      0 |      0 |   2171 |   4 |  691.0 |
               +--------+--------+--------+--------+--------+-----+--------+

Top non-repeatable levels by time:
     D:1: 963 daAuts
     D:2: 794 daAuts
     D:3: 735 daAuts
     D:4: 271 daAuts
